 Dungeon Crawl Stone Soup version 0.20.0-15-g7f486f2 (webtiles) character file.

43 vishdafish the Skirmisher (level 3, -2/31 HPs)
             Began as a Demonspawn Fighter on June 18, 2017.
             Slain by a worker ant (3 damage)
             ... on level 2 of the Dungeon.
             The game lasted 00:05:33 (1500 turns).

vishdafish the Skirmisher (Demonspawn Fighter)      Turns: 1500, Time: 00:05:34

Health: -2/31      AC:  6    Str: 16    XL:     3   Next: 37%
Magic:  3/3        EV:  7    Int:  9    God:
Gold:   79         SH:  9    Dex: 13    Spells: 2/2 levels left

rFire    . . .     SeeInvis .   a - +0 long sword
rCold    + . .     Gourm    .   c - +0 shield
rNeg     . . .     Faith    .   b - +0 scale mail
rPois    .         Spirit   .   (no helmet)
rElec    .         Reflect  .   (no cloak)
rCorr    .         Harm     .   (no gloves)
MR       .....                  (no boots)
Stlth    ..........             (no amulet)
Regen    0.1/turn               (no ring)
MPRegen  0.1/turn               (no ring)

@: lethally poisoned (-2 -> -15)
A: hooves 1, cold resistance 1, robust 1, screaming 1
a: no special abilities


You were on level 2 of the Dungeon.
You were not hungry.

You visited 1 branch of the dungeon, and saw 3 of its levels.

You collected 79 gold pieces.

Inventory:

Hand Weapons
 a - a +0 long sword (weapon)
 o - a +1 short sword of protection
Armour
 b - a +0 scale mail (worn)
 c - a +0 shield (worn)
Jewellery
 p - an uncursed ring of protection from magic {unknown}
Scrolls
 e - 2 scrolls of random uselessness {unknown}
 g - a scroll of remove curse
 h - a scroll of teleportation {unknown}
 i - a scroll of enchant armour {unknown}
 n - a scroll of fear {unknown}
 q - a scroll of identify {unknown}
 r - a scroll of amnesia {unknown}
 s - a scroll of blinking {unknown}
Potions
 d - a potion of might
 f - a potion of cancellation {unknown}
 j - a potion of haste {unknown}
 k - a potion of heal wounds {unknown}
 l - a potion of curing {unknown}


   Skills:
 + Level 3.4 Fighting
 + Level 2.0 Long Blades
 + Level 2.9 Armour
 + Level 0.6 Dodging
 + Level 3.2 Shields


You had 2 spell levels left.
You didn't know any spells.

Dungeon Overview and Level Annotations

Branches:
Dungeon (3/15)

Altars:


Innate Abilities, Weirdness & Mutations

Your flesh is cold resistant. (rC+)
You have large cloven feet.
You are robust. (+10% HP)
You occasionally shout uncontrollably at your foes.


Message History

* * * LOW HITPOINT WARNING * * *
You feel sick.
The worker ant bites you but does no damage.
The worker ant barely misses you.
You completely miss the worker ant.
* * * LOW HITPOINT WARNING * * *
You feel sick.
The worker ant bites you but does no damage.
As you read the scroll labeled ILETHR HOEMOK, it crumbles to dust.
You feel blessed for a moment.
It was a scroll of remove curse.
* * * LOW HITPOINT WARNING * * *
You feel sick. The worker ant bites you.
* * * LOW HITPOINT WARNING * * *
You are more poisoned.
The worker ant poisons you!
It was a potion of mutation.
You feel extremely strange.
You feel robust.
You feel the urge to shout.
Your feet thicken and deform.
* * * LOW HITPOINT WARNING * * *
You feel sick. The worker ant bites you.
You die...

##############
#............#
#............######
#.................#
#.................#
############......###.#####
#@a......'........
#########.#......#########
#.........'......'........
#.........#......######...
#.........#.[......# #...
#.........######)..# #...
#.........# #...# #...
#.........# #...# #...
#.........######...## #...


You could see a worker ant.

Vanquished Creatures
  A dart slug (D:1)
  2 leopard geckos
  An orc (D:3)
  2 giant cockroaches (D:1)
  7 goblins
  9 hobgoblins
  2 jackals (D:1)
  2 bats (D:1)
  3 kobolds
  3 rats (D:1)
32 creatures vanquished.

Notes
Turn   | Place    | Note
-------+----------+-------------------------------------------
     0 | D:1      | vishdafish the Demonspawn Fighter began the quest for the Orb.
     0 | D:1      | Reached XP level 1. HP: 18/18 MP: 1/1
   200 | D:1      | Gained mutation: Your flesh is cold resistant. (rC+) [demonic ancestry]
   200 | D:1      | Reached XP level 2. HP: 23/24 MP: 2/2
   861 | D:2      | Reached XP level 3. HP: 29/29 MP: 3/3
  1500 | D:2      | Gained mutation: You are robust. (+10% HP) [potion of mutation]
  1500 | D:2      | Gained mutation: You occasionally shout uncontrollably at your foes. [potion of mutation]
  1500 | D:2      | Gained mutation: You have large cloven feet. [potion of mutation]
  1500 | D:2      | HP: 1/31 [poisoned by a worker ant]
  1500 | D:2      | Slain by a worker ant

Skill      XL: |  1  2 |
---------------+-------+-----
Shields        | 3 |  3.2
Long Blades    | 2 |  2.0
Fighting       | |  3.4
Armour         | |  2.9
Dodging        | |  0.6

Action                   || total
-------------------------++-------
Melee: Long sword        ||   106
  Use: Scroll            ||     1
       Potion            ||     1
  Eat: Bread ration      ||     1
Armor: Scale mail        ||    52
Dodge: Dodged            ||    31
Block: Shield            ||    59
       Rpst.: Long sword ||     7
